Map: Ice and Chrome LE

Players

Nina - Winner!

  • Race: Protoss Protoss
  • League: Grandmaster
  • Spawn Location: 7:00

Silky

  • Race: Zerg Zerg
  • Spawn Location: 1:00

Event: DreamHack SC2 Masters 2020 Summer North America

VOD

Have the link to the VOD?

Description

Time

  • Played on: July 9, 2020, 3:15 p.m.
  • Length: 15:09

All games in this series

Show
View Real Time Build Order
Export as new Build Order

Nina Protoss - Winner!

Build Orders: 1 Gate Expand, Archon Immortal 

Get SALT Encoding   

  12  0:00  Probe  
  13  0:13  Probe  
  14  0:18  Pylon  
  14  0:24  Probe  
  15  0:32  Probe  
  15  0:38  Gateway  
  15  0:40  Probe  
  16  0:47  Assimilator  
  17  0:51  Probe  
  18  1:03  Probe  
  19  1:15  Probe  
  20  1:24  Nexus  
  20  1:31  Zealot  
  20  1:34  Cybernetics Core  
  22  1:50  Pylon  
  22  2:01  Probe  
  23  2:02  Adept  
  25  2:13  Probe  
  26  2:20  Warp Gate  
  26  2:22  Gateway  
  24  2:36  Probe  
  24  2:40  Adept  
  24  2:41  Probe  
  23  2:48  Probe  
  26  2:54  Probe  
  27  3:02  Probe  
  27  3:04  Probe  
  29  3:13  Probe  
  29  3:14  Probe  
  29  3:19  Assimilator  
  31  3:21  Probe  
  31  3:26  Probe  
  33  3:28  Stargate  
  33  3:32  Probe  
  34  3:36  Probe  
  35  3:44  Probe x2  
  36  3:52  Probe  
  37  3:56  Probe  
  39  4:03  Oracle  
  39  4:04  Probe  
  39  4:06  Pylon  
  39  4:08  Adept, Probe  
  46  4:17  Pylon  
  48  4:24  Stalker, Probe x2  
  50  4:32  Nexus  
  50  4:36  Probe x2  
  50  4:37  Oracle  
  52  4:40  Shield Battery  
  52  4:48  Probe x2  
  57  4:52  Pylon  
  57  4:58  Assimilator  
  57  5:00  Assimilator, Probe  
  57  5:03  Adept  
  61  5:09  Adept  
  61  5:10  Probe  
  61  5:12  Probe  
  60  5:22  Shield Battery  
  60  5:23  Oracle, Probe  
  60  5:24  Probe  
  65  5:34  Adept x2  
  65  5:35  Probe  
  68  5:36  Probe  
  68  5:40  Pylon  
  69  5:45  Gateway  
  69  5:46  Probe  
  69  5:47  Probe  
  69  5:49  Gateway, Probe  
  72  5:56  Robotics Facility  
  72  5:58  Probe  
  72  5:59  Probe  
  72  6:01  Probe  
  72  6:03  Sentry  
  72  6:04  Sentry  
  79  6:07  Probe  
  79  6:10  Probe  
  81  6:12  Phoenix  
  81  6:13  Probe  
  81  6:15  Probe  
  81  6:18  Assimilator  
  84  6:21  Twilight Council  
  84  6:23  Forge, Probe  
  84  6:25  Probe x2  
  87  6:27  Pylon  
  88  6:35  Probe  
  88  6:36  Immortal  
  88  6:37  Probe  
  88  6:39  Sentry  
  92  6:41  Probe  
  92  6:45  Protoss Ground Weapons Level 1  
  92  6:46  Pylon  
  97  6:48  Pylon  
  97  6:49  Probe  
  97  6:53  Assimilator  
  98  6:55  Pylon  
  98  6:56  Gateway  
  98  7:04  Charge  
  98  7:05  Pylon  
  98  7:06  Immortal  
  98  7:09  Probe  
  99  7:18  Probe  
  99  7:21  Gateway  
  99  7:22  Gateway  
  104  7:24  Templar Archives  
  104  7:25  Probe  
  104  7:26  Gateway  
  104  7:29  Gateway, Probe  
  106  7:38  Probe  
  106  7:40  Psionic Storm  
  107  7:46  Zealot  
  107  7:47  Zealot x2  
  107  7:48  Immortal  
  107  7:51  Pylon  
  117  8:03  Photon Cannon  
  117  8:04  High Templar x2  
  121  8:15  Nexus, Zealot  
  121  8:17  High Templar, Pylon  
  121  8:18  High Templar  
  127  8:21  Pylon  
  127  8:23  Pylon  
  127  8:27  Pylon  
  127  8:29  Immortal  
  127  8:32  Photon Cannon  
  127  8:33  Pylon  
  131  8:39  Shield Battery x2  
  131  8:50  High Templar x2  
  131  8:52  Photon Cannon  
  131  8:54  Photon Cannon  
  133  8:56  Archon  
  133  8:57  High Templar  
  133  8:59  Photon Cannon  
  139  9:10  Warp Prism  
  139  9:12  Zealot x3  
  139  9:13  High Templar x2  
  141  9:17  Archon  
  141  9:19  Zealot  
  141  9:20  Assimilator  
  141  9:21  Photon Cannon  
  141  9:23  High Templar  
  145  9:25  Assimilator  
  145  9:26  Probe x2  
  147  9:35  Photon Cannon, High Templar  
  149  9:38  Fleet Beacon, Zealot x4  
  149  9:43  Protoss Ground Weapons Level 2  
  157  9:51  Immortal  
  121  10:18  Archon  
  121  10:21  Zealot x7  
  127  10:32  Immortal  
  127  10:33  High Templar x2  
  127  10:34  Probe  
  136  10:37  Stargate  
  136  10:38  Archon  
  136  10:39  Probe  
  136  10:40  Stargate  
  137  10:48  Probe  
  138  10:50  Gateway  
  138  10:51  Gateway, Protoss Air Weapons Level 1  
  136  10:58  Zealot x4  
  128  11:06  Zealot x5  
  128  11:10  Carrier  
  144  11:15  Photon Cannon, Immortal  
  144  11:25  High Templar  
  148  11:26  High Templar x2  
  148  11:27  High Templar  
  148  11:29  Photon Cannon  
  148  11:32  Archon x2  
  146  11:34  Carrier  
  146  11:36  Carrier, Nexus  
  158  11:44  Pylon  
  158  11:47  Pylon  
  158  11:52  Zealot x3  
  158  11:53  Zealot x3  
  154  12:11  Zealot x3  
  154  12:17  Observer  
  154  12:20  High Templar x2  
  154  12:21  High Templar x2  
  155  12:23  Carrier  
  161  12:30  Photon Cannon, High Templar  
  161  12:34  Photon Cannon  
  163  12:40  High Templar  
  163  12:43  Zealot x3  
  155  12:53  Zealot x3  
  155  12:54  Zealot  
  155  12:56  Carrier  
  155  13:08  High Templar, Shield Battery  
  155  13:09  High Templar  
  155  13:11  Photon Cannon  
  159  13:13  Probe x2, Pylon  
  159  13:14  Photon Cannon, Archon  
  159  13:18  Photon Cannon  
  152  13:32  Zealot x4  
  152  13:34  Zealot  
  152  13:39  Archon  
  152  13:41  Archon  
  154  13:45  High Templar x3  
  154  13:46  Probe  
  154  13:47  Probe x4  
  165  13:57  Photon Cannon  
  165  13:58  Probe  
  165  13:59  Archon  
  165  14:01  Zealot x2  
  170  14:11  Dark Shrine  
  170  14:17  Zealot x2  
  170  14:30  Probe  
  171  14:33  Zealot x3  
  171  14:40  Probe  
  171  14:45  High Templar x5  
  176  14:47  Probe  
  176  14:48  Probe x3  
  176  14:50  Assimilator  
Show
View Real Time Build Order
Export as new Build Order

Silky Zerg 

Build Orders: Pool First 

Get SALT Encoding   

  12  0:17  Spawning Pool  
  11  0:22  Drone  
  11  0:27  Drone  
  13  0:32  Drone  
  14  0:40  Overlord  
  14  1:04  Zergling x4  
  14  1:05  Zergling x2  
  17  1:16  Zergling x2  
  18  1:28  Hatchery  
  18  1:29  Drone  
  18  1:33  Queen  
  18  1:37  Extractor  
  18  1:39  Drone  
  20  1:50  Drone  
  21  2:00  Drone  
  22  2:11  Overlord  
  22  2:29  Queen  
  23  2:30  Drone  
  23  2:35  Drone  
  25  2:41  Queen  
  26  2:44  Drone  
  26  2:45  Drone x3  
  30  2:51  Metabolic Boost  
  30  2:55  Drone  
  30  2:59  Zergling x2  
  30  3:01  Zergling x2  
  32  3:06  Drone  
  32  3:11  Zergling x2  
  34  3:23  Hatchery  
  34  3:27  Overlord  
  33  3:28  Drone  
  33  3:32  Drone  
  33  3:34  Drone  
  36  3:45  Drone  
  36  3:46  Drone x2  
  36  3:47  Drone x3  
  42  3:54  Drone x2  
  44  4:04  Overlord  
  44  4:09  Baneling Nest  
  43  4:14  Overlord  
  43  4:21  Queen  
  43  4:23  Zergling x14  
  52  4:30  Overlord  
  52  4:34  Zergling x6  
  52  4:35  Zergling x2  
  56  4:38  Overlord  
  56  4:39  Zergling x2  
  56  4:41  Spore Crawler  
  56  4:46  Zergling x2  
  56  4:50  Zergling x4  
  59  4:55  Baneling x7  
  59  4:56  Zergling x2  
  60  5:04  Queen  
  60  5:05  Zergling x4  
  60  5:06  Zergling x4  
  64  5:08  Zergling x2  
  62  5:20  Zergling x12  
  60  5:31  Drone x3  
  60  5:33  Drone x3  
  60  5:35  Drone x3  
  67  5:39  Queen  
  67  5:41  Spore Crawler  
  68  5:43  Drone  
  68  5:45  Drone  
  68  5:47  Drone  
  71  5:50  Drone  
  71  5:52  Drone  
  71  5:54  Overlord  
  73  6:02  Drone  
  73  6:03  Overlord  
  74  6:04  Lair  
  74  6:07  Extractor  
  74  6:08  Extractor  
  74  6:09  Drone x2  
  74  6:10  Evolution Chamber  
  73  6:13  Drone  
  73  6:14  Drone, Spore Crawler  
  73  6:16  Spore Crawler  
  73  6:18  Drone  
  74  6:21  Overlord  
  74  6:23  Drone x2  
  76  6:25  Drone  
  76  6:27  Drone  
  76  6:28  Drone  
  76  6:29  Drone  
  76  6:32  Drone x2  
  82  6:39  Zerg Melee Weapons Level 1  
  82  6:42  Drone x3  
  82  6:43  Drone  
  82  6:44  Drone  
  86  6:47  Drone x3  
  86  6:50  Extractor  
  86  6:51  Overlord, Extractor  
  86  6:52  Extractor  
  86  6:53  Drone x3  
  89  6:58  Overlord  
  89  7:04  Hydralisk Den, Overlord  
  89  7:05  Drone  
  89  7:08  Overseer  
  89  7:10  Drone  
  89  7:11  Drone x6  
  96  7:24  Centrifical Hooks  
  96  7:26  Hatchery  
  96  7:29  Overlord  
  95  7:34  Hydralisk x4  
  101  7:37  Muscular Augments  
  101  7:40  Hydralisk x2  
  101  7:42  Overlord  
  101  7:43  Hydralisk  
  105  7:46  Hydralisk  
  105  7:48  Hydralisk  
  111  7:51  Queen  
  111  7:53  Overlord  
  111  7:57  Hydralisk x2  
  117  8:00  Drone x2  
  117  8:03  Hydralisk  
  121  8:06  Hydralisk x2  
  121  8:09  Overlord  
  121  8:11  Overlord  
  125  8:13  Hydralisk  
  125  8:18  Drone x3  
  130  8:20  Drone  
  130  8:22  Drone x2  
  130  8:23  Drone  
  130  8:24  Drone  
  130  8:26  Overseer  
  135  8:29  Drone x2  
  135  8:32  Hydralisk x2  
  141  8:37  Evolution Chamber, Zerg Melee Weapons Level 2  
  140  8:42  Hydralisk, Spore Crawler  
  140  8:47  Hydralisk x3  
  146  8:48  Grooved Spines  
  146  8:50  Hydralisk  
  146  8:55  Overlord  
  148  8:56  Hydralisk x2  
  151  9:03  Overlord  
  151  9:06  Overlord  
  151  9:08  Drone  
  150  9:13  Zergling x8  
  150  9:14  Zergling x6  
  155  9:19  Zergling x4  
  155  9:20  Zergling x4  
  155  9:23  Overlord  
  155  9:24  Overseer, Overlord x2  
  159  9:25  Hatchery  
  159  9:30  Overlord  
  158  9:32  Overlord  
  158  9:33  Zergling x2  
  158  9:34  Zergling x6  
  158  9:36  Baneling x3  
  162  9:41  Zerg Missile Weapons Level 1  
  162  9:42  Baneling  
  162  9:43  Baneling x8  
  162  9:47  Zergling x2  
  162  9:48  Zergling x14  
  169  9:52  Zergling x2  
  169  9:53  Zergling x10  
  169  9:58  Zergling x10  
  166  10:12  Zergling x10  
  151  10:17  Hydralisk x2  
  151  10:18  Hydralisk, Zergling x4  
  152  10:22  Zergling x2  
  152  10:26  Spire  
  152  10:27  Hydralisk  
  152  10:28  Hydralisk, Zergling x2  
  157  10:32  Zergling x2  
  157  10:35  Zergling x4  
  159  10:38  Baneling x10  
  159  10:40  Zergling x2  
  159  10:42  Zergling x4  
  162  10:43  Baneling x2  
  162  10:44  Baneling x5  
  161  10:52  Hydralisk x2  
  161  10:53  Hydralisk x6, Zergling x8  
  161  10:54  Zergling x2  
  161  10:55  Baneling x3  
  161  10:56  Baneling x4  
  174  11:02  Hydralisk x3  
  174  11:03  Hydralisk  
  166  11:05  Zergling x2  
  166  11:10  Drone  
  166  11:11  Drone  
  168  11:12  Hydralisk  
  168  11:16  Zergling x8  
  174  11:20  Zergling x4  
  174  11:23  Overlord  
  174  11:24  Overseer  
  173  11:29  Hydralisk  
  173  11:30  Hydralisk x2  
  178  11:38  Zerg Missile Weapons Level 2, Infestation Pit  
  177  11:40  Baneling x4  
  177  11:42  Zergling x6  
  177  11:43  Zergling x12  
  184  11:52  Zergling x2  
  184  11:53  Zergling x24  
  191  12:07  Zergling x6  
  191  12:08  Zergling x4  
  189  12:10  Baneling x19  
  189  12:11  Zergling x2  
  189  12:13  Zergling x4  
  192  12:20  Zergling x4  
  188  12:27  Baneling x2  
  188  12:28  Baneling x9  
  188  12:30  Zergling x6  
  188  12:31  Zergling x4  
  185  12:46  Overseer  
  185  12:47  Zergling x36  
  181  12:53  Zergling x2  
  181  12:54  Zergling x6  
  181  12:57  Zergling x2  
  183  13:01  Baneling x10  
  183  13:03  Zergling x4  
  179  13:06  Zergling x4  
  179  13:11  Hive  
  181  13:13  Zergling x6  
  181  13:15  Baneling x9  
  181  13:16  Baneling x7, Zergling x4  
  181  13:17  Queen  
  181  13:19  Extractor  
  187  13:20  Extractor  
  187  13:26  Zergling x2  
  187  13:27  Zergling x8  
  150  13:34  Corruptor x3  
  150  13:40  Corruptor  
  139  13:41  Drone x2  
  139  13:42  Drone x3  
  139  13:45  Zergling x12  
  150  13:54  Corruptor x2  
  154  13:57  Zergling x4  
  154  13:58  Zergling x8  
  154  14:00  Baneling x4  
  154  14:02  Corruptor  
  160  14:05  Corruptor  
  160  14:07  Baneling x2  
  160  14:09  Zergling x6  
  167  14:10  Hatchery  
  167  14:15  Corruptor  
  166  14:18  Zergling x14  
  166  14:21  Corruptor x2  
  175  14:27  Zergling x2  
  175  14:28  Zergling x4  
  168  14:35  Hydralisk x4  
  168  14:38  Baneling x7  
  167  14:42  Overlord x2  
  167  14:45  Zergling x4  
Tags
 
Add a new tag
Caveats
  • Supply blocks, unpowered buildings, or Contaminate may cause inaccurate times.
  • Supply counts are checked every 10 seconds.